 Dungeon Crawl Stone Soup version 0.20.0 (webtiles) character file.

103 Danakh the Skirmisher (level 4, 0/35 HPs)
             Began as a Demonspawn Fighter on May 29, 2017.
             Succumbed to Crazy Yiuf's poison
             ... on level 2 of the Dungeon.
             The game lasted 00:03:58 (1943 turns).

Danakh the Skirmisher (Demonspawn Fighter)          Turns: 1943, Time: 00:03:58

Health: 0/35       AC:  8    Str: 20    XL:     4   Next: 51%
Magic:  4/4        EV:  7    Int: 10    God:
Gold:   118        SH:  9    Dex: 12    Spells: 3/3 levels left

rFire    . . .     SeeInvis .   a - +0 war axe
rCold    + . .     Gourm    .   c - +0 shield
rNeg     + . .     Faith    .   b - +0 scale mail
rPois    .         Spirit   .   (no helmet)
rElec    .         Reflect  .   (no cloak)
rCorr    .         Harm     .   (no gloves)
MR       .....                  (no boots)
Stlth    ..........             (no amulet)
Regen    0.2/turn               n - ring of positive energy
MPRegen  0.1/turn               r - +3 ring of strength

@: lethally poisoned (0 -> -1), very slightly contaminated
A: slimy green scales 1, cold resistance 1, freezing cloud immunity
a: no special abilities


You were on level 2 of the Dungeon.
You were very hungry.

You visited 1 branch of the dungeon, and saw 2 of its levels.

You collected 118 gold pieces.

Inventory:

Hand Weapons
 a - a +0 war axe (weapon)
Armour
 b - a +0 scale mail (worn)
 c - a +0 shield (worn)
 t - a +0 cloak
Jewellery
 n - a ring of positive energy (left hand)
 r - a +3 ring of strength (right hand)
Scrolls
 h - 2 scrolls of identify {unknown}
 i - a scroll of fear {unknown}
 j - a scroll of remove curse {unknown}
 k - a scroll of recharging {unknown}
 m - 2 scrolls of teleportation {unknown}
 o - a scroll of fog {unknown}
 p - 3 scrolls of immolation {unknown}
Potions
 d - 2 potions of might
 e - a potion of haste {unknown}
 l - a potion of brilliance {unknown}
 q - a potion of berserk rage {unknown}
Comestibles
 f - a bread ration
 g - a royal jelly
 s - 4 fruits


   Skills:
 + Level 3.4 Fighting
 + Level 2.6 Axes
 + Level 3.2 Armour
 + Level 1.2 Dodging
 + Level 0.4 Stealth
 + Level 3.1 Shields


You had 3 spell levels left.
You didn't know any spells.

Dungeon Overview and Level Annotations

Branches:
Dungeon (2/15)

Altars:
Nemelex Xobeh


Innate Abilities, Weirdness & Mutations

You are partially covered in slimy green scales. (AC +2)
Your flesh is cold resistant. (rC+)
You are immune to freezing clouds.


Message History

You feel sick.
* * * LOW HITPOINT WARNING * * *
You feel sick.
Things that are here:
a quarterstaff of chaos; a cloak; the gnoll corpse of Crazy Yiuf
t - a cloak
There is a lethal amount of poison in your body!
* * * LOW HITPOINT WARNING * * *
You feel sick.
You flicker for a moment.
There is an open door, spattered with blood here.
* * * LOW HITPOINT WARNING * * *
You feel sick.
You flicker back into view.
* * * LOW HITPOINT WARNING * * *
You feel sick.
You aren't carrying any items that you can evoke.
* * * LOW HITPOINT WARNING * * *
You feel sick.
You die...

########
#......# #####
#.####.#
#####...## ####
#.#
#.###.@......##
...###.#
#.....####....#
.......#
####### #....#
##.##### #....#
##.### ##...#
...... ##.##
##.### ##.#
##.# #.## ...#
##.#


There were no monsters in sight!

Vanquished Creatures
  Crazy Yiuf (D:2)
  Robin (D:2)
  3 adders (D:2)
  2 leopard geckos (D:1)
  3 bats (D:1)
  A giant cockroach (D:1)
  8 hobgoblins
  2 kobolds (D:2)
  3 quokkas (D:2)
  A frilled lizard (D:1)
  6 goblins
  5 rats
36 creatures vanquished.

Notes
Turn   | Place    | Note
-------+----------+-------------------------------------------
     0 | D:1      | Danakh the Demonspawn Fighter began the quest for the Orb.
     0 | D:1      | Reached XP level 1. HP: 18/18 MP: 1/1
   170 | D:1      | Gained mutation: Your flesh is cold resistant. (rC+) [demonic ancestry]
   170 | D:1      | Reached XP level 2. HP: 2/24 MP: 2/2
   816 | D:2      | Noticed Robin
   820 | D:2      | Killed Robin
   820 | D:2      | Gained mutation: You are partially covered in slimy green scales. (AC +2) [demonic ancestry]
   820 | D:2      | Reached XP level 3. HP: 9/29 MP: 3/3
  1068 | D:2      | Found a sparkling altar of Nemelex Xobeh.
  1099 | D:2      | Reached skill level 1 in Dodging
  1667 | D:2      | Gained mutation: You are immune to freezing clouds. [demonic ancestry]
  1667 | D:2      | Reached XP level 4. HP: 16/35 MP: 4/4
  1849 | D:2      | Found a runed door.
  1915 | D:2      | Noticed Crazy Yiuf
  1924 | D:2      | Killed Crazy Yiuf
  1935 | D:2      | HP: 1/35 [poisoned by Crazy Yiuf]
  1943 | D:2      | Succumbed to Crazy Yiuf's poison

Skill      XL: |  1  2  3 |
---------------+----------+-----
Axes           | 2 |  2.6
Shields        | 3 |  3.1
Dodging        | 1 |  1.2
Armour         | 3 |  3.2
Fighting       | |  3.4
Stealth        | |  0.4

Action                   |  1- 3 |  4- 6 || total
-------------------------+-------+-------++-------
Melee: War axe           |   135 |     8 ||   143
  Eat: Chunk             |     2 |       ||     2
Armor: Scale mail        |    78 |     1 ||    79
Dodge: Dodged            |    49 |     1 ||    50
Block: Shield            |    72 |     4 ||    76
